 Dungeon Crawl Stone Soup version 0.28.0-55-gcd9437bce4 (webtiles) character file.

Game seed: 7050932579269562078

4183 Atelerd the Covert (level 10, -4/60 HPs)
             Began as an Octopode Earth Elementalist on Jan 5, 2023.
             Was a Believer of Sif Muna.
             Slain by a manticore (21 damage)
             ... on level 9 of the Dungeon on Jan 16, 2023.
             The game lasted 00:20:05 (11128 turns).

Atelerd the Covert (Octopode Earth Elementalist)   Turns: 11128, Time: 00:20:06

Health: -4/60      AC:  3    Str: 13    XL:     10   Next: 29%
Magic:  22/22      EV: 13    Int: 21    God:    Sif Muna [**....]
Gold:   295        SH:  0    Dex: 14    Spells: 18/25 levels left

rFire   . . .      SeeInvis +   b - +1 dagger (drain)
rCold   . . .      Faith    .   (no shield)
rNeg    . . .      Spirit   .   v - +2 hat {SInv}
rPois   .          Reflect  .   (no amulet)
rElec   .          Harm     .   m - ring of wizardry
rCorr   .          Rampage  .   l - +6 ring of strength
Will    .....                   q - ring of see invisible
Stlth   +++++.....              (no ring)
HPRegen 0.20/turn               (no ring)
MPRegen 0.18/turn               (no ring)
                                (no ring)
                                (no ring)

@: spiked, channelling
A: almost no armour, amphibious, 8 rings, camouflage 1, gelatinous body 1,
(nimble swimmer 1), tentacles
a: Renounce Religion, Channel Magic


You were on level 9 of the Dungeon.
You worshipped Sif Muna.
Sif Muna was pleased with you.
You visited 1 branch of the dungeon, and saw 9 of its levels.

You collected 331 gold pieces.
You spent 36 gold pieces at shops.

Inventory:

Hand Weapons
 b - a +1 dagger of draining (weapon)
 A - a +1 demon blade of venom
 E - a +2 falchion of electrocution
Missiles
 C - 74 stones
Armour
 v - a +2 hat of see invisible (worn)
Jewellery
 l - a +6 ring of strength (right tentacle)
 m - a ring of wizardry (left tentacle)
 q - a ring of see invisible (on tentacle)
 w - a ring of ice
Wands
 j - a wand of paralysis (4)
 k - a wand of polymorph (21)
 y - a wand of flame (33)
Scrolls
 c - a scroll of noise {unknown}
 d - a scroll of enchant armour
 f - a scroll of summoning
 g - a scroll of fog
 i - 3 scrolls of blinking {unknown}
 o - a scroll of silence {unknown}
 p - 2 scrolls of fear
 t - 2 scrolls of immolation
 x - a scroll of holy word
 B - 2 scrolls of enchant weapon {unknown}
 D - a scroll of amnesia {unknown}
 F - a scroll of identify
Potions
 a - 6 potions of curing
 e - 3 potions of degeneration {unknown}
 h - 2 potions of heal wounds
 n - a potion of flight {unknown}
 r - a potion of resistance {unknown}
 s - a potion of haste {unknown}
 u - 2 potions of might {unknown}
 z - 2 potions of invisibility {unknown}


   Skills:
 - Level 2.0 Fighting
 - Level 2.0 Short Blades
 - Level 2.2 Dodging
 - Level 9.0 Stealth
 * Level 8.4 Spellcasting
 - Level 4.0 Transmutations
 - Level 7.0 Earth Magic
 - Level 6.0 Invocations


You had 18 spell levels left.
You knew the following spells:

 Your Spells              Type           Power      Damage    Failure   Level
a - Sandblast             Erth           76%        2d16      1%          1
b - Passwall              Tmut/Erth      26%        N/A       1%          2
p - Petrify               Tmut/Erth      32%        N/A       3%          4

Your spell library contained the following spells:

 Spells                   Type           Power      Damage    Failure   Level
 Stone Arrow              Conj/Erth      46%        3d9       2%          3
 Blink                    Tloc           16%        N/A       4%          2
 Corpse Rot               Necr/Air       16%        N/A       4%          2
 Ensorcelled Hibernation  Hex/Ice        16%        N/A       4%          2
 Poisonous Vapours        Pois/Air       16%        N/A       4%          2
 Spider Form              Tmut/Pois      17%        N/A       4%          3
 Leda's Liquefaction      Hex/Erth       11%        N/A       8%          4
 Call Canine Familiar     Summ           8%         N/A       9%          3
 Gell's Gravitas          Tloc           8%         N/A       9%          3
 Lesser Beckoning         Tloc           8%         N/A       9%          3
 Portal Projectile        Hex/Tloc       16%        N/A       9%          3
 Swiftness                Air            8%         N/A       9%          3
 Teleport Other           Tloc           8%         N/A       9%          3
 Anguish                  Hex/Necr       4%         N/A       28%         4
 Manifold Assault         Tloc           8%         N/A       61%         5


Dungeon Overview and Level Annotations

Branches:
Dungeon (9/15)             Temple (0/1) D:6            Lair (0/6) D:8
    Orc: D:9-12

Altars:
Nemelex Xobeh
Okawaru
Qazlal
Ru
Sif Muna
Trog
Wu Jian
Xom
Zin

Shops:
D:1 !   D:6 [

Annotations:
D:2 Robin


Innate Abilities, Weirdness & Mutations

You cannot wear most types of armour.
You are amphibious.
You can wear up to eight rings at the same time.
Your skin changes colour to match your surroundings (Stealth+).
Your rubbery body absorbs attacks. (AC +1, EV +1)
((You are camouflaged when in or above water. (Stealth+)))
You have tentacles for arms and can constrict up to eight enemies at once.


Message History

You feel much better.
The centaur zombie stops moving altogether!
The manticore is no longer petrified.
The helpless centaur zombie fails to defend itself.
You impale the centaur zombie!!
You destroy the centaur zombie!
Sif Muna accepts your kill.
Casting: Sandblast (safe; 1% risk of failure)
Confirm with . or Enter, or press ? or * to list all spells.
You don't have enough magic to cast this spell.
Unknown command.
Unknown command.
The centaur zombie is no longer petrified.
The manticore bites you but does no damage.
The manticore claws you. The manticore claws you!
You are too injured to fight recklessly!
Casting: Sandblast (safe; 1% risk of failure)
Confirm with . or Enter, or press ? or * to list all spells.
Aiming: Petrify (dangerous; 3% risk of failure)
Press: ? - help, Shift-Dir - straight line, f - manticore
Aim: a manticore (lightly wounded, chance to affect: 44%)
The manticore is moving more slowly.
The manticore closely misses you. The manticore misses you.
The manticore claws you.
Unknown command.
Unknown command.
The manticore flicks its tail.
The volley of spikes hits you!
The barbed spikes become lodged in your body.
* * * LOW HITPOINT WARNING * * *
You feel much better.
The barbs in your skin will harm you if you move.
Continue?
The barbed spikes dig painfully into your body as you move.
The manticore completely misses you. The manticore claws you.
* * * LOW HITPOINT WARNING * * *
The manticore completely misses you.
You hit the manticore but do no damage. You drain the manticore.
You squeeze the manticore, but do no damage.
The manticore is lightly wounded.
The manticore bites you!!
You die...

####.###
#.........#
#.##.
#.........#
#.##.
.........
####.#..
.......
#.......
.....
####.#.#
.Z.
######....
#H#
#.........
###@###
#.#####...
#.....# #.#
####
###..## #.#
##.######.#
#........#
##########


You could see a manticore (petrifying, drained) and a centaur zombie.

Vanquished Creatures
  Pikel (D:7)
  An ugly thing (D:9)
  A komodo dragon (D:8)
  Eustachio (D:5)
  A water moccasin (D:6)
  3 orc warriors
  An ice beast (D:6)
  2 necrophages
  A black bear (D:8)
  A centaur (D:6)
  A lemure (D:7)
  3 phantoms
  Blork the orc (D:6)
  5 bullfrogs
  3 scorpions
  2 gnoll sergeants (D:6)
  A water moccasin skeleton (D:6)
  A wight (D:9)
  2 howler monkeys
  An electric eel (D:8)
  4 centaur zombies
  A bullfrog zombie (D:5)
  4 hounds
  5 orc priests
  A gnoll shaman (D:6)
  Ijyb (D:5)
  3 iguanas
  A scorpion zombie (D:5)
  4 orc wizards
  A hound zombie (D:5)
  3 hound skeletons (D:4)
  7 gnolls
  6 adders
  2 ufetubi
  An adder zombie (D:5)
  3 worms
  2 dart slugs
  42 orcs
  5 ball pythons
  4 endoplasms
  A giant cockroach (D:2)
  5 hobgoblins
  2 jackals (D:2)
  8 kobolds
  4 quokkas
  4 bats (D:1)
  A frilled lizard (D:1)
  5 goblins
  3 rats
166 creatures vanquished.

Vanquished Creatures (others)
  2 fungi (D:8)
  5 plants (D:8)
7 creatures vanquished.

Grand Total: 173 creatures vanquished

Notes
Turn   | Place    | Note
-------+----------+-------------------------------------------
     0 | D:1      | Atelerd the Octopode Earth Elementalist began the quest for
                  | the Orb.
     0 | D:1      | Reached XP level 1. HP: 11/11 MP: 3/3
   222 | D:1      | Reached XP level 2. HP: 17/17 MP: 3/5
   226 | D:1      | Reached skill level 3 in Stealth
   488 | D:1      | Found Ryzites's Distillery.
   496 | D:1      | Bought a potion of curing for 36 gold pieces
   726 | D:2      | Reached XP level 3. HP: 15/21 MP: 4/6
   811 | D:2      | You fall into a shaft and drop 1 floor!
   998 | D:2      | Found a faded altar of an unknown god.
  1194 | D:2      | Noticed Robin
  1512 | D:2      | Reached XP level 4. HP: 25/27 MP: 7/7
  1530 | D:2      | Learned a level 4 spell: Petrify
  2061 | D:3      | Noticed a necrophage
  2071 | D:3      | Killed a necrophage
  2072 | D:3      | Reached skill level 4 in Stealth
  2072 | D:3      | Reached XP level 5. HP: 31/31 MP: 4/9
  2255 | D:3      | Found a shimmering blue altar of Sif Muna.
  2261 | D:3      | Became a worshipper of Sif Muna the Loreminder
  2940 | D:3      | Found a shimmering altar of Xom.
  3106 | D:4      | Reached skill level 1 in Short Blades
  3133 | D:4      | Reached XP level 6. HP: 28/36 MP: 6/10
  3671 | D:4      | Found an ornate altar of the Wu Jian Council.
  3688 | D:4      | Found a glowing silver altar of Zin.
  3689 | D:4      | Found a sacrificial altar of Ru.
  3864 | D:4      | Reached skill level 5 in Stealth
  4257 | D:5      | Entered Level 5 of the Dungeon
  4257 | D:5      | Noticed Ijyb
  4264 | D:5      | Killed Ijyb
  4265 | D:5      | Reached XP level 7. HP: 18/41 MP: 6/12
  4422 | D:5      | Reached * piety under Sif Muna
  5010 | D:5      | Found a sparkling altar of Nemelex Xobeh.
  5058 | D:5      | Noticed Eustachio
  5141 | D:5      | Killed Eustachio
  5142 | D:5      | Reached skill level 6 in Stealth
  5142 | D:5      | Reached skill level 5 in Earth Magic
  6018 | D:5      | Reached XP level 8. HP: 44/45 MP: 14/14
  6259 | D:6      | Reached skill level 7 in Stealth
  6568 | D:6      | Found a bloodstained altar of Trog.
  6584 | D:6      | Identified the +0 robe of Riun {Fly Int-4 SInv}
  6635 | D:6      | Found Meorefen's Antique Armour Shop.
  6646 | D:6      | Reached skill level 5 in Spellcasting
  6719 | D:6      | Reached skill level 8 in Stealth
  6783 | D:6      | Noticed Blork the orc
  6929 | D:6      | Reached skill level 1 in Invocations
  6929 | D:6      | Reached XP level 9. HP: 40/51 MP: 5/17
  6930 | D:6      | Killed Blork the orc
  7780 | D:6      | Learned a level 2 spell: Passwall
  7874 | D:6      | Found a staircase to the Ecumenical Temple.
  7943 | D:7      | Reached ** piety under Sif Muna
  8560 | D:7      | Noticed Pikel
  8755 | D:7      | Killed Pikel
  8756 | D:7      | Reached skill level 9 in Stealth
  9992 | D:8      | Reached skill level 5 in Invocations
 10056 | D:8      | Noticed a komodo dragon
 10071 | D:8      | Killed a komodo dragon
 10072 | D:8      | Reached XP level 10. HP: 60/60 MP: 9/21
 10341 | D:8      | Found a staircase to the Lair.
 10660 | D:9      | Found a stormy altar of Qazlal.
 10704 | D:9      | Noticed a red ugly thing
 10715 | D:9      | Killed a red ugly thing
 10988 | D:9      | Found an iron altar of Okawaru.
 11106 | D:9      | Noticed a manticore
 11128 | D:9      | Slain by a manticore

Illustrated notes

Levels and vault maps discovered:
D:1:      lemuel_arrival_muddy, layout_rooms, serial_shops, nicolae_square_shop
D:2:      layout_loops_ring, shapermc_ecumenical_altar_mp_highgroup,
          cheibrodos_gnoll_hut, uniq_robin
D:3:      layout_basic, mainiacjoe_overflow_boulevard,
          mainiacjoe_overflow_24_doors, serial_bayou, serial_bayou_lagoon_b,
          serial_bayou_pond_d, serial_bayou_shore_b, serial_bayou_shore_b
D:4:      cheibrodos_quashed, layout_cave_pools,
          chequers_temple_overflow_statue_of_worship
D:5:      layout_gridville, lemuel_round_altar, grunt_tough_drop,
          uniq_eustachio, uniq_ijyb
D:6:      layout_cave_pools, kennysheep_mini_moat,
          minmay_temple_entry_crystal_x, serial_shops, nicolae_shop_stone,
          gup_sewer_entry_bowl, sword_in_stone
D:7:      layout_cave_pools, grunt_decor_cap, uniq_pikel
D:8:      layout_basic, grunt_lair_entry_orc_guard_hut
D:9:      kennysheep_ambush_hall, layout_loops_ring, okawaru_metal_pillars_1_2,
          nicolae_qazlal_style_of_elements, chequers_avenue

Skill      XL: |  1  2  3  4  5  6  7  8  9 10 |
---------------+-------------------------------+-----
Stealth        | 3 4 5 6 8 9 |  9.0
Transmutations | 2 3 4 |  4.0
Spellcasting   | 3 4 5 7 8 |  8.4
Short Blades   | 1 2 |  2.0
Earth Magic    | 4 5 6 7 |  7.0
Invocations    | 1 5 6 |  6.0
Fighting       | 2 |  2.0
Dodging        | |  2.2

Action                   |  1- 3 |  4- 6 |  7- 9 | 10-12 || total
-------------------------+-------+-------+-------+-------++-------
Melee: Unarmed           |     3 |       |       |       ||     3
       Dagger            |    29 |    23 |    80 |     6 ||   138
       Constrict         |     8 |     9 |    39 |     8 ||    64
       Tentacles         |     4 |     9 |    38 |    11 ||    62
       Punch             |       |     2 |     5 |       ||     7
       Demon blade       |       |       |    45 |    21 ||    66
 Cast: Sandblast         |    16 |    84 |   102 |     7 ||   209
       Petrify           |       |     1 |    33 |    10 ||    44
       Passwall          |       |       |     2 |       ||     2
Invok: Channel Magic     |       |       |       |     1 ||     1
Evoke: Wand              |       |       |     2 |     1 ||     3
  Use: Potion            |       |     1 |       |     2 ||     3
       Scroll            |       |       |     9 |       ||     9
 Stab: Sleeping          |    12 |     2 |    10 |     1 ||    25
       Petrified         |       |     4 |    30 |    14 ||    48
       Petrifying        |       |       |       |     2 ||     2
Armor: Skin              |     9 |     7 |    27 |     4 ||    47
Dodge: Dodged            |    22 |    39 |   109 |    17 ||   187
